 Dungeon Sprint DCSS version 0.29-a0-1006-g0dd7720b37 (webtiles) character file.

Game seed: 1920355229871611709

1299 Conn the Arsonist (level 8, -5/46 HPs)
             Began as an Octopode Fire Elementalist on Aug 6, 2022.
             Was a Follower of Sif Muna.
             Engulfed by a cloud of freezing vapour (21 damage)
             ... in the Dungeon (Sprint II: "The Violet Keep of Menkaure").
             The game lasted 00:07:47 (524 turns).

Conn the Arsonist (Octopode Fire Elementalist)       Turns: 524, Time: 00:07:48

Health: -5/46      AC:  1    Str:  8      XL:     8   Next: 56%
Magic:  1/20       EV: 15    Int:  8 (17) God:    Sif Muna [*.....]
Gold:   619        SH:  0    Dex: 12      Spells: 11/24 levels left

rFire   . . .      SeeInvis .     - Unarmed
rCold   . . .      Faith    .   (no shield)
rNeg    . . .      Spirit   .   (helmet restricted)
rPois   +          Reflect  .   (no amulet)
rElec   .          Harm     .   d - ring of wizardry
rCorr   .          Rampage  .   (no ring)
Will    .....      NoTele   +   (no ring)
Stlth   ++++++....              (no ring)
HPRegen 0.15/turn               (no ring)
MPRegen 0.17/turn               (no ring)
                                (no ring)
                                (no ring)

@: no status effects
A: almost no armour, amphibious, 8 rings, camouflage 1, gelatinous body 1,
nimble swimmer 1, tentacles, dopey 1, poison resistance
a: Renounce Religion, Channel Magic


You were in the Dungeon.
You worshipped Sif Muna.
Sif Muna was aware of your devotion.
You visited 1 branch You collected 729 gold pieces.
You spent 110 gold pieces at shops.

Inventory:

Jewellery
 d - a ring of wizardry (left tentacle)
Scrolls
 f - a scroll of blinking
Potions
 a - 2 potions of magic
 b - a potion of curing


   Skills:
 + Level 6.1 Dodging
 + Level 8.2 Stealth
 + Level 5.3 Unarmed Combat
 + Level 8.6 Spellcasting
 + Level 3.1 Conjurations
 + Level 0.4 Hexes
 + Level 12.8 Fire Magic


You had 11 spell levels left.
You knew the following spells:

 Your Spells              Type           Power      Damage    Failure   Level
a - Foxfire               Conj/Fire      64%        2x1d7     1%          1
b - Conjure Flame         Conj/Fire      16%        6-21      1%          3
c - Inner Flame           Hex/Fire       14%        N/A       1%          3
d - Flame Wave            Conj/Fire      16%        2d7       2%          4
e - Scorch                Fire           48%        2d7       1%          2

Your spell library contained the following spells:

 Spells                   Type           Power      Damage    Failure   Level


Dungeon Overview and Level Annotations

Branches:
Dungeon (1/1)

Altars:
Cheibriados
Dithmenos
Elyvilon
Fedhas
Gozag
Hepliaklqana
Kikubaaqudgha
Makhleb
Nemelex Xobeh
Okawaru
Qazlal
Ru
Sif Muna
Trog
Uskayaw
Vehumet
Wu Jian
Xom
Yredelemnul
Zin
The Shining One
Jiyva
Lugonu

Shops:
D :?:(?=!*:[[:[=!

Annotations:
D exclusions: ice statue and oklob plant


Innate Abilities, Weirdness & Mutations

You cannot wear most types of armour.
You are amphibious.
You can wear up to eight rings at the same time.
Your skin changes colour to match your surroundings (Stealth+).
Your rubbery body absorbs attacks. (AC +1, EV +1)
You are camouflaged when in or above water. (Stealth+)
You have tentacles for arms and can constrict up to eight enemies at once.
You are dopey. (Int -2)
Your system is resistant to poisons. (rPois)


Message History

Confirm with . or Enter, or press ? or * to list all spells.
Flames lash the neqoxec.
Flame seeps out of the neqoxec.
The neqoxec is severely wounded.
The neqoxec's fire resistance burns away.
The neqoxec is engulfed in blazing flames.
Sif Muna accepts your kill.
You can now call upon Sif Muna for magical energy.
The neqoxec explodes!
You feel your intelligence returning.
Your Conjurations skill increases to level 3!
Casting: Scorch (safe; 1% risk of failure)
Confirm with . or Enter, or press ? or * to list all spells.
Aiming: Inner Flame (safe; 1% risk of failure)
Press: ? - help, Dir - move target, f - neqoxec
Aim: a neqoxec (ally target, chance to affect: 50%)
The neqoxec resists with some effort.
Casting: Inner Flame (safe; 1% risk of failure)
Confirm with . or Enter, or press ? or * to list all spells.
You don't have enough magic to cast this spell.
Unknown command.
Casting: Inner Flame (safe; 1% risk of failure)
Confirm with . or Enter, or press ? or * to list all spells.
You conjure some foxfire!
The foxfire hits the neqoxec.
The neqoxec is lightly wounded.
Casting: Foxfire (safe; 1% risk of failure)
Confirm with . or Enter, or press ? or * to list all spells.
You conjure some foxfire!
The foxfire hits the neqoxec.
The neqoxec is lightly wounded.
Really wriggle into a travel-excluded area?
The walls and floor vibrate strangely for a moment.
This door is marked as excluded!
Open it anyway?
You open the door. The neqoxec attacks as you move away!
The neqoxec barely misses you.
There is an open door here.
You are engulfed in freezing vapours.
Ouch! That really hurt!
You are engulfed in freezing vapours.
You die...

.∩.....#~#...##3##...#..# #..#
∩.....∩'~'.##'.<.')#.+..### ..###
.......#~#...##.##...#....###...#
▓▓▓▓▓###~##.###3###.##.....§~~~~~
).######~~####.#v####~~.....~#+##
JE#({ ##~~~#3###.#~~~§~§~..~#._.
P?+{$#+ #+#§##3#.##~~§§§§~~.~#.._
$.#$##§# #~~##○##~~~≈§§~§~~~#._.
.J###≈○≈ ##~~○°@○○~§~§≈≈≈~~§#_._
+###§§≈≈ #''°#+++#§≈≈≈≈≈§≈~#._.
#≈≈○≈≈≈ ##§≈§###≈≈#_._
#≈≈≈○≈≈≈°≈##§§# #≈≈#._.
+≈≈≈≈○8≈°≈≈≈+§§# #≈§#_._
##≈○≈°≈≈≈≈≈##§≈≈≈≈§≈####
##○°°○≈≈≈## ######~~~ ####+####


You could see an ice statue (unaware) and 2 neqoxecs.

Vanquished Creatures
  A merfolk siren (D)
  2 wyverns (D)
  2 neqoxecs (D)
  Menkaure (D)
  A water moccasin (D)
  4 necrophages (D)
11 creatures vanquished.

Vanquished Creatures (others)
  39 foxfires (D)
39 creatures vanquished.

Grand Total: 50 creatures vanquished

Notes
Turn   | Place    | Note
-------+----------+-------------------------------------------
     0 | D        | Conn the Octopode Fire Elementalist began the quest for the
                  | Orb.
     0 | D        | Reached XP level 1. HP: 11/11 MP: 3/3
     1 | D        | Noticed a necrophage
     1 | D        | Noticed a necrophage
     1 | D        | Noticed a necrophage
     1 | D        | Noticed a necrophage
     5 | D        | Killed a necrophage
     6 | D        | Reached skill level 6 in Fire Magic
     6 | D        | Reached XP level 2. HP: 16/17 MP: 4/6
     6 | D        | Reached XP level 3. HP: 19/21 MP: 4/7
     6 | D        | Reached XP level 4. HP: 25/27 MP: 5/9
     9 | D        | Killed a necrophage
    10 | D        | Reached skill level 1 in Unarmed Combat
    10 | D        | Reached skill level 7 in Fire Magic
    10 | D        | Reached XP level 5. HP: 21/31 MP: 5/11
    17 | D        | Reached skill level 5 in Stealth
    17 | D        | Reached skill level 8 in Fire Magic
    21 | D        | Reached skill level 5 in Spellcasting
    21 | D        | Reached skill level 9 in Fire Magic
    21 | D        | Reached XP level 6. HP: 12/36 MP: 6/13
    35 | D        | Learned a level 2 spell: Scorch
    39 | D        | Learned a level 3 spell: Conjure Flame
    43 | D        | Learned a level 3 spell: Inner Flame
    48 | D        | Learned a level 4 spell: Flame Wave
    48 | D        | Found Veb Pati's Jewellery Shoppe.
    48 | D        | Found Iluenku's Book Emporium.
    48 | D        | Found Teig's Antique Armour Emporium.
    48 | D        | Found Wirgh's Antique Armour Shoppe.
    48 | D        | Found Wiutikoc's Antique Armour Shoppe.
    49 | D        | Found Wegrycak's Book Shoppe.
    49 | D        | Found Disuq's Assorted Antiques.
    50 | D        | Found Zixuattarr's Distillery.
    50 | D        | Found Tinen's Jewellery Emporium.
    50 | D        | Noticed an iron elemental
    51 | D        | Found Geferruigo's Distillery.
    52 | D        | Found Tiex's Magic Scroll Shoppe.
    52 | D        | Found Ypausazi's Antique Weapon Emporium.
    52 | D        | Noticed Menkaure
    52 | D        | Noticed an oklob plant
    53 | D        | Found Mah Jif's Magic Scroll Shoppe.
    53 | D        | Found Dolusih's Book Emporium.
    53 | D        | Found Yniw's Book Shoppe.
    59 | D        | Noticed a slime creature
    67 | D        | Noticed a slime creature
    69 | D        | Killed Menkaure
    70 | D        | Reached skill level 5 in Dodging
    70 | D        | Reached skill level 10 in Fire Magic
    83 | D        | Bought a shiny wooden ring for 110 gold pieces
    89 | D        | Noticed a slime creature
   109 | D        | Noticed a merfolk siren
   114 | D        | Killed a merfolk siren
   115 | D        | Reached skill level 11 in Fire Magic
   115 | D        | Reached XP level 7. HP: 27/41 MP: 7/17
   138 | D        | Noticed a wyvern
   138 | D        | Noticed a wyvern
   153 | D        | Killed a wyvern
   154 | D        | Reached skill level 12 in Fire Magic
   180 | D        | Noticed an ice statue
   189 | D        | Found a glowing silver altar of Zin.
   189 | D        | Found a radiant altar of Vehumet.
   192 | D        | Reached XP level 8. HP: 22/46 MP: 1/19
   192 | D        | Found a glowing golden altar of the Shining One.
   192 | D        | Found a basalt altar of Yredelemnul.
   192 | D        | Found a hide-covered altar of Uskayaw.
   193 | D        | Found a shimmering altar of Xom.
   193 | D        | Found a bloodstained altar of Trog.
   194 | D        | Found an ornate altar of the Wu Jian Council.
   194 | D        | Found a shimmering blue altar of Sif Muna.
   194 | D        | Found a corrupted altar of Lugonu.
   194 | D        | Found a burning altar of Makhleb.
   195 | D        | Found a sacrificial altar of Ru.
   195 | D        | Found an ancient bone altar of Kikubaaqudgha.
   195 | D        | Found a white marble altar of Elyvilon.
   196 | D        | Found a stormy altar of Qazlal.
   196 | D        | Found a viscous altar of Jiyva.
   196 | D        | Found a shadowy altar of Dithmenos.
   197 | D        | Found a hazy altar of Hepliaklqana.
   197 | D        | Found a snail-covered altar of Cheibriados.
   199 | D        | Found a sparkling altar of Nemelex Xobeh.
   199 | D        | Found a blossoming altar of Fedhas.
   200 | D        | Found an opulent altar of Gozag.
   200 | D        | Found an iron altar of Okawaru.
   203 | D        | Became a worshipper of Sif Muna the Loreminder
   218 | D        | Killed a wyvern
   219 | D        | Reached skill level 5 in Unarmed Combat
   502 | D        | Gained mutation: You are dopey. (Int -2) [a neqoxec]
   505 | D        | Gained mutation: Your system is resistant to poisons.
                  | (rPois) [a neqoxec]
   512 | D        | Reached * piety under Sif Muna
   524 | D        | Engulfed by a cloud of freezing vapour

Illustrated notes

Levels and vault maps discovered:
D:        the_violet_keep_of_menkaure [sprint2_stairs_cluster_1,
          sprint2_shoproom, sprint2_temple, sprint2_basic_supplies,
          sprint2_obstacle_2, sprint2_obstacle_7, sprint2_obstacle_3,
          sprint2_obstacle_5, sprint2_obstacle_6, sprint2_timed_cluster_1,
          sprint2_smallroom_cluster_1, sprint2_smallroom_final_cluster_1,
          sprint2_transparent_cluster_1, sprint2_second_timed_cluster_1,
          sprint2_sniper_area_1, sprint2_heavy_combat_area_1,
          sprint2_mutation_trap_area_1, sprint2_forest_area_1,
          sprint2_light_combat_area_1, sprint2_behind_water_1,
          sprint2_near_end_vault_1]

Skill      XL: |  1  2  3  4  5  6  7  8 |
---------------+-------------------------+-----
Dodging        | 3 4 5 6 |  6.1
Stealth        | 4 5 7 8 |  8.2
Spellcasting   | 3 4 5 6 7 8 |  8.6
Fire Magic     | 6 7 9 11 12 | 12.8
Unarmed Combat | 1 2 4 5 |  5.3
Conjurations   | 2 3 |  3.1
Hexes          | |  0.4

Action                   |  1- 3 |  4- 6 |  7- 9 || total
-------------------------+-------+-------+-------++-------
Melee: Unarmed           |     2 |    14 |       ||    16
       Tentacles         |     2 |     3 |       ||     5
       Constrict         |     1 |     3 |       ||     4
 Cast: Foxfire           |       |     9 |    13 ||    22
       Scorch            |       |     4 |     9 ||    13
       Inner Flame       |       |     1 |     3 ||     4
       Conjure Flame     |       |       |     2 ||     2
  Use: Potion            |     2 |     2 |       ||     4
Armor: Skin              |       |     2 |       ||     2
Dodge: Dodged            |       |     4 |     1 ||     5

Table legend: (Time is in decaauts)
 A = Elapsed time spent in this place.
 B = Non-inter-level travel time spent in this place.
 C = Inter-level travel time spent in this place.
 D = Time resting spent in this place.
 E = Time spent auto-exploring this place.
 F = Levels seen in this place.
 G = Mean time per level.
                   A        B        C        D        E       F      G
               +--------+--------+--------+--------+--------+-----+--------+
         Total |    512 |    512 |      0 |    238 |      0 |   1 |  512.0 |
       Dungeon |    512 |    512 |      0 |    238 |      0 |   1 |  512.0 |
               +--------+--------+--------+--------+--------+-----+--------+

Top non-repeatable levels by time:
       D: 512 daAuts
